 Dungeon Crawl Stone Soup version 0.17-a0-1582-ge6b0260 (webtiles) character file.

21258 Chiseanne the Cardsharp (level 12, -21/92 HPs)
             Began as a Demonspawn Wanderer on July 28, 2015.
             Was a High Priest of Nemelex Xobeh.
             Hit by a large rock thrown by a cyclops (22 damage)
             ... on level 13 of the Dungeon.
             The game lasted 00:39:26 (10945 turns).

Chiseanne the Cardsharp (Demonspawn Wanderer)      Turns: 10945, Time: 00:39:26

Health: -21/92     AC: 14    Str: 12    XL:     12   Next: 52%
Magic:  0/20       EV: 13    Int: 18    God:    Nemelex Xobeh [*****.]
Gold:   978        SH:  8    Dex: 16    Spells: 0 memorised, 11 levels left

rFire  + . .     SeeInvis .     a - +3 long sword (elec)
rCold  . . .     Clarity  .     U - +1 leather armour of the Wilderness {rF+ Str-3 Int+5 Slay+3}
rNeg   . . .     SustAt   .     r - +2 buckler
rPois  +         Gourm    .     (helmet restricted)
rElec  .         Spirit   +     (no cloak)
rCorr  .         Warding  .     m - +1 pair of gloves
rMut   .         Stasis   .     d - +1 pair of boots
MR     .....                    (no amulet)
Stlth  ++........               (no ring)
                                i - ring of poison resistance

@: not resistant to hostile enchantments, unstealthy
A: horns 2, iridescent scales 1, demonic guardian 1, magic shield, magic
regeneration
a: Triple Draw, Deal Four, Stack Five, Renounce Religion


You were on level 13 of the Dungeon.
You worshipped Nemelex Xobeh.
Nemelex Xobeh was extremely pleased with you.
You were not hungry.

You visited 1 branch of the dungeon, and saw 13 of its levels.

You collected 978 gold pieces.

Inventory:

Hand weapons
 a - a +3 long sword of electrocution (weapon)
 s - a +2 hand axe of flaming
 w - a +0 blowgun
 I - a -1 eveningstar of electrocution
 N - a +2 antimagic war axe
Missiles
 p - 20 poisoned needles
Armour
 d - a +1 pair of boots (worn)
 m - a +1 pair of gloves (worn)
 r - a +2 buckler (worn)
 u - the +4 scale mail "Yrobekirgh" {Int+6 Dex+4}
   (You found it on level 4 of the Dungeon)

   It affects your intelligence (+6).
   It affects your dexterity (+4).
 U - the +1 leather armour of the Wilderness (worn) {rF+ Str-3 Int+5 Slay+3}
   (You found it on level 8 of the Dungeon)

   It affects your strength (-3).
   It affects your intelligence (+5).
   It affects your accuracy and damage with ranged weapons and melee attacks
   (+3).
   It protects you from fire.
Jewellery
 i - a ring of poison resistance (left hand)
 F - an uncursed ring of teleportation
Magical devices
 f - a wand of polymorph (1)
 h - a wand of fire (5)
 P - a wand of confusion (28)
 W - a wand of paralysis (7)
Scrolls
 b - 6 scrolls of teleportation
 j - a scroll of amnesia
 o - a scroll of enchant armour
 x - 3 scrolls of fear
 E - 4 scrolls of immolation
 R - a scroll of fog
 X - a scroll of blinking
Potions
 c - 4 potions of curing
 v - 3 potions of berserk rage
 C - a potion of lignification
 D - 3 potions of might
 G - a potion of agility
 H - a potion of resistance
 K - a potion of heal wounds
 M - a potion of haste
 O - a potion of brilliance {unknown}
 Q - a potion of magic {unknown}
Books
 t - a book of Geomancy

   Spells                             Type                      Level
   a - Sandblast                      Earth                        1
   b - Stoneskin                      Transmutation/Earth          2
   c - Passwall                       Transmutation/Earth          3
   d - Stone Arrow                    Conjuration/Earth            3
   e - Petrify                        Transmutation/Earth          4
   f - Lee's Rapid Deconstruction     Earth                        5
 A - the Tome of Good Luck
   (You found it on level 8 of the Dungeon)

   Spells                             Type                      Level
   a - Infusion                       Charms                       1
   b - Shroud of Golubria             Charms/Translocation         2
   c - Ozocubu's Armour               Charms/Ice                   3
   d - Ring of Flames                 Charms/Fire                  7
Miscellaneous
 k - a sack of spiders {used: 2}
 n - an ornate deck of war {drawn: 2} {god gift}
 q - an ornate deck of war {god gift}
 y - a fan of gales
 z - an ornate deck of war {drawn: 1} {god gift}
 S - a disc of storms
 T - a legendary deck of destruction {drawn: 6} {god gift}
Comestibles
 e - 7 bread rations
 g - 2 beef jerkies
 l - 3 meat rations
 B - 4 chunks of flesh
 J - 2 slices of pizza
 L - 16 fruits


   Skills:
 + Level 8.0 Fighting
 * Level 10.8 Long Blades
 * Level 9.0 Armour
 - Level 3.8 Dodging
 - Level 1.0 Stealth
 - Level 6.8 Shields
 * Level 11.4 Evocations


You had 11 spell levels left.
You didn't know any spells.

Dungeon Overview and Level Annotations

Branches:
Dungeon (13/15)            Temple (0/1) D:5            Lair (0/8) D:8
    Orc (0/4) D:9
 Vaults: D:13-14

Altars:
Ashenzari
Elyvilon
Fedhas
Nemelex Xobeh
Xom
Jiyva

Annotations:
D:3 Xiguana's ghost, average GrBe


Innate Abilities, Weirdness & Mutations

You have a pair of horns on your head.
You are partially covered in iridescent scales (AC +4).
A weak demonic guardian rushes to your aid.
When hurt, damage is shared between your health and your magic reserves.
You regenerate magic rapidly.


Message History

The ice beast is moderately wounded.
The ice beast hits you but does no damage.
The six-headed hydra bites your quasit.
The six-headed hydra misses your quasit. x2
The six-headed hydra closely misses your quasit.
The six-headed hydra bites your quasit! The six-headed hydra bites your quasit.
Your quasit dies!
You block the ice beast's attack. The ice beast misses you.
Evoke which item? (* to show all) (? for menu, Esc to quit)
You draw a card...
It is Pain.
Your flayed ghost cries, "Suffer as I suffered!"
Terrible wounds open up all over the six-headed hydra's body!
The ice beast hits you.
* * * LOW HITPOINT WARNING * * *
The ice beast freezes you!
* * * LOW HITPOINT WARNING * * *
The cyclops throws a large rock.
The large rock hits you!!
You die...
Your body glows with a rainbow of weird colours and disappears.

..##.........####.....#
..........#............#
..........#.............
.C....................#.
...................§..#(
....................§...
....................§...
.........W.(........§...
.......@Y...(.......§...
##......D(..(.(.....§...
.............(......§.
....#.....##..(....§§.
....#.....#...(.....§.
.. #..........)...§§. .
#...........%..§§.
#.......).)...).§.
#.......).)))).)..


You could see a six-headed hydra, a cyclops, an ice beast and a friendly flayed
ghost.

Vanquished Creatures
  An ettin (D:11)
  Snorg (D:10)
  A centaur warrior (D:11)
  The ghost of koelner the Firebug, an experienced DDFE of Makhleb (D:11)
  An unseen horror (D:10)
  A hill giant (D:8)
  2 ugly things (D:11)
  A cyclops (D:12)
  A manticore (D:11)
  Joseph (D:7)
  A komodo dragon (D:11)
  A gargoyle (D:11)
  2 kobold demonologists (D:12)
  3 trolls
  A shadow (D:12)
  3 hungry ghosts
  A wyvern (D:10)
  7 yaks
  3 hippogriffs
  2 mottled dragons
  A porcupine (D:11)
  Duvessa (D:7)
  4 ogres
  A water moccasin (D:10)
  5 ice beasts
  6 orc warriors
  3 sky beasts
  An eye of draining (D:11)
  12 centaurs
  A gnoll sergeant (D:7)
  8 giant frogs
  4 big kobolds
  Dowan (D:7)
  A water moccasin zombie (D:8)
  12 scorpions
  A water moccasin skeleton (D:8)
  18 killer bees
  4 wights (D:10)
  4 centaur zombies
  A crimson imp (D:6)
  A quasit (D:10)
  4 jellies
  A giant frog zombie (D:10)
  6 orc priests
  8 centaur skeletons
  3 giant frog skeletons
  11 orc wizards
  2 iguanas
  3 hounds
  13 worker ants
  A hound zombie (D:5)
  A hound skeleton (D:7)
  2 worker ant zombies
  Robin (D:2)
  A river rat (D:9)
  11 gnolls
  15 adders
  3 shadow imps
  An ooze (D:9)
  2 worms (D:2)
  2 giant geckos
  32 orcs
  3 bat skeletons
  4 giant cockroaches
  18 hobgoblins
  9 jackals
  17 kobolds
  5 quokkas
  14 bats
  4 giant newts
  20 goblins
  A jackal skeleton (D:8)
  2 quokka skeletons (D:8)
  11 rats
  3 fungi (D:6)
359 creatures vanquished.

Vanquished Creatures (collateral kills)
  Harold (D:12)
  The ghost of Chiseanne the Covert, a powerful DsWn of Dithmenos (D:11)
  A centaur warrior (D:13)
  A hill giant (D:11)
  A wolf spider zombie (D:13)
  An eye of devastation (D:11)
  A centaur skeleton (D:11)
  A yak (D:11)
  A wraith (D:11)
  An ogre (D:10)
  A centaur (D:11)
  A giant frog (D:11)
  2 killer bees
  A crimson imp (D:11)
  A hound (D:11)
  An orc wizard (D:13)
  2 sheep (D:13)
  A killer bee zombie (D:11)
  2 orcs (D:13)
  A hobgoblin (D:11)
  A rat (D:10)
24 creatures vanquished.

Vanquished Creatures (others)
  A wyvern skeleton (D:11)
1 creature vanquished.

Grand Total: 384 creatures vanquished

Notes
Turn   | Place    | Note
--------------------------------------------------------------
     0 | D:1      | Chiseanne the Demonspawn Wanderer began the quest for the Orb.
     0 | D:1      | Chiseanne set off with: a +2 falchion, a scroll of teleportation, a potion of curing, a +0 robe, a bread ration
     0 | D:1      | Reached XP level 1. HP: 19/19 MP: 1/1
   363 | D:1      | Gained mutation: When hurt, damage is shared between your health and your magic reserves. [demonic ancestry]
   363 | D:1      | Reached XP level 2. HP: 25/25 MP: 2/2
   642 | D:1      | Found a sparkling altar of Nemelex Xobeh.
   674 | D:1      | Became a worshipper of Nemelex Xobeh the Trickster
   706 | D:2      | Received a gift from Nemelex Xobeh
   860 | D:2      | Noticed Robin
   921 | D:2      | Gained mutation: You have a pair of small horns on your head. [demonic ancestry]
   921 | D:2      | Reached XP level 3. HP: 15/30 MP: 3/3
   943 | D:2      | Killed Robin
  1562 | D:2      | Reached XP level 4. HP: 38/38 MP: 4/4
  1759 | D:2      | Found a shimmering altar of Xom.
  1767 | D:2      | Found a white marble altar of Elyvilon.
  1771 | D:2      | Found a shattered altar of Ashenzari.
  1827 | D:3      | Noticed Xiguana's ghost (average GrBe)
  2327 | D:4      | Got a jewelled scale mail
  2338 | D:4      | Identified the +4 scale mail "Yrobekirgh" {Int+6 Dex+4} (You found it on level 4 of the Dungeon)
  2433 | D:4      | Reached XP level 5. HP: 43/43 MP: 5/5
  2470 | D:4      | Noticed a centaur
  2482 | D:4      | Killed a centaur
  2868 | D:4      | Reached XP level 6. HP: 49/49 MP: 6/6
  2965 | D:5      | Entered Level 5 of the Dungeon
  3003 | D:5      | Reached skill level 1 in Shields
  3117 | D:5      | Reached skill level 5 in Fighting
  3117 | D:5      | Reached XP level 7. HP: 36/56 MP: 4/7
  3356 | D:5      | Received a gift from Nemelex Xobeh
  3506 | D:5      | Found a staircase to the Ecumenical Temple.
  3549 | D:5      | Reached skill level 7 in Long Blades
  3549 | D:5      | Gained mutation: You are partially covered in iridescent scales (AC +4). [demonic ancestry]
  3549 | D:5      | Reached XP level 8. HP: 62/62 MP: 8/13
  4432 | D:6      | Received a gift from Nemelex Xobeh
  4722 | D:7      | Gained mutation: You have a pair of horns on your head. [demonic ancestry]
  4722 | D:7      | Reached XP level 9. HP: 51/68 MP: 11/14
  4783 | D:7      | Noticed Joseph
  4799 | D:7      | Killed Joseph
  5027 | D:7      | Reached skill level 8 in Evocations
  5055 | D:7      | Noticed Duvessa
  5055 | D:7      | Noticed Dowan
  5088 | D:7      | Reached skill level 5 in Armour
  5119 | D:7      | Killed Duvessa
  5152 | D:7      | Killed Dowan
  5719 | D:7      | Acquired Nemelex Xobeh's first power
  5961 | D:8      | Noticed a hill giant
  5972 | D:8      | Killed a hill giant
  5972 | D:8      | Reached XP level 10. HP: 49/76 MP: 10/16
  6133 | D:8      | Found a staircase to the Lair.
  6208 | D:8      | Found a blossoming altar of Fedhas.
  6397 | D:8      | Reached skill level 9 in Evocations
  6485 | D:8      | Identified the Tome of Good Luck
  6611 | D:8      | Found a blossoming altar of Fedhas.
  6644 | D:8      | Got a jewelled leather armour
  6656 | D:8      | Identified the +1 leather armour of the Wilderness {rF+ Str-3 Int+5 Slay+3} (You found it on level 8 of the Dungeon)
  6812 | D:8      | You fall through a shaft for 3 floors!
  6812 | D:11     | Noticed a green ugly thing
  6818 | D:10     | Entered Level 10 of the Dungeon
  6927 | D:10     | Received a gift from Nemelex Xobeh
  7222 | D:9      | Acquired Nemelex Xobeh's second power
  7223 | D:9      | Found a viscous altar of Jiyva.
  7311 | D:9      | Gained mutation: A weak demonic guardian rushes to your aid. [demonic ancestry]
  7311 | D:9      | Reached XP level 11. HP: 49/83 MP: 10/18
  7486 | D:9      | Received a gift from Nemelex Xobeh
  7602 | D:9      | Found a staircase to the Orcish Mines.
  8118 | D:9      | Received a gift from Nemelex Xobeh
  8467 | D:10     | Noticed Snorg
  8551 | D:10     | Killed Snorg
  8881 | D:10     | Killed an unseen horror
  8881 | D:10     | Reached skill level 10 in Evocations
  9194 | D:11     | Noticed a hill giant
  9197 | D:11     | Noticed koelner's ghost (experienced DDFE)
  9200 | D:11     | a hill giant changed into an eye of devastation
  9210 | D:11     | Killed a green ugly thing
  9217 | D:11     | Killed koelner's ghost
  9229 | D:11     | Noticed a manticore
  9236 | D:11     | Killed a manticore
  9389 | D:11     | Noticed Chiseanne's ghost (powerful DsWn)
  9420 | D:11     | Killed Chiseanne's ghost
  9458 | D:11     | Noticed a purple ugly thing
  9470 | D:11     | Killed a purple ugly thing
  9612 | D:11     | Noticed a five-headed hydra
  9621 | D:11     | Noticed an ettin
  9621 | D:11     | a five-headed hydra changed into an ettin
  9641 | D:11     | Killed an ettin
  9641 | D:11     | Reached skill level 10 in Long Blades
  9893 | D:11     | Noticed a centaur warrior
  9900 | D:11     | Killed a centaur warrior
  9900 | D:11     | Gained mutation: You regenerate magic rapidly. [demonic ancestry]
  9900 | D:11     | Reached XP level 12. HP: 75/91 MP: 16/20
 10439 | D:11     | Reached skill level 11 in Evocations
 10489 | D:11     | Received a gift from Nemelex Xobeh
 10676 | D:12     | Acquired Nemelex Xobeh's third power
 10676 | D:12     | Received a gift from Nemelex Xobeh
 10742 | D:12     | Noticed Harold
 10752 | D:12     | Killed Harold
 10903 | D:13     | Noticed a centaur warrior
 10920 | D:13     | Killed a centaur warrior
 10929 | D:13     | Noticed a six-headed hydra
 10945 | D:13     | HP: 1/92 [ice beast (4)]
 10945 | D:13     | Hit by a large rock thrown by a cyclops

Vault maps used:
D:1:      dpeg_arrival_rooms_c, minmay_misc_feat_x, minmay_misc_feat_pillars,
          minivault_26, nemelex_deck
D:2:      kennysheep_big_flooded_room, minitemple, uniq_robin
D:3:      grunt_temple_overflow_diamond
D:4:      first_bread, nrook_mini_vaults, nrook_uturn
D:6:      old_forge
D:7:      uniq_joseph, uniq_duvessa
D:8:      minmay_tri_box, overflow_temple_1_default, lair_0_dummy,
          hangedman_tree_tricks
D:9:      orc_david_3, jiyva_altar_1
D:10:     uniq_snorg
D:11:     kennysheep_minor_cross, spider_trap
D:12:     uniq_sonja, uniq_harold
D:13:     cheibrodos_stairvault_heist, enter_bailey_3

Action                   |  1- 3 |  4- 6 |  7- 9 | 10-12 || total
-------------------------+-------+-------+-------+-------++-------
Melee: Falchion          |   125 |    53 |       |       ||   178
       Long sword        |       |    54 |   310 |   468 ||   832
       Unarmed           |       |       |       |     1 ||     1
 Fire: Blowgun           |       |       |       |    22 ||    22
Throw: Throwing net      |       |       |       |     1 ||     1
Evoke: Deck              |     2 |       |       |    42 ||    44
       Wand              |       |     1 |       |     4 ||     5
       Sack of spiders   |       |       |       |     2 ||     2
  Use: Scroll            |     2 |     6 |     9 |    12 ||    29
       Potion            |     1 |     2 |     1 |     5 ||     9
 Stab: Sleeping          |     2 |       |       |     4 ||     6
       Held in net/web   |       |       |     1 |       ||     1
       Confused          |       |       |       |     3 ||     3
       Distracted        |       |       |       |     3 ||     3
       Paralysed         |       |       |       |     1 ||     1
  Eat: Chunk             |     2 |     5 |     5 |    17 ||    29
       Fruit             |       |       |     4 |     3 ||     7
